 Dungeon Crawl Stone Soup version 0.31.0-1-g2c135a008e (webtiles) character file.

Game seed: 3433557317629897956

266 qw the Shooter (level 6, 0/46 HPs)
             Began as a Djinni Hunter on Jan 23, 2024.
             Slain by a human zombie (6 damage)
             ... in an ossuary.
             The game lasted 00:00:15 (2998 turns).

qw the Shooter (Djinni Hunter)                      Turns: 2998, Time: 00:00:15

Health: 0/46       AC:  8    Str: 10    XL:     6   Next: 44%
Gold:   118        EV: 11    Int: 11    God:
                   SH:  0    Dex: 18

rFire   + + .        a - +0 shortbow
rCold   x . .        (shield currently unavailable)
rNeg    . . .        f - +0 ring mail
rPois   inf          h - +2 helmet
rElec   .            (no cloak)
rCorr   .            (no gloves)
SInv    +            (boots unavailable)
Will    .....        (no amulet)
Stlth   +            e - ring of see invisible
HPRegen 0.27/turn    (no ring)
MPRegen 0.00/turn

%: infuse magic (-1 HP)
@: flying
A: sickness immunity, fire resistance 2, cold vulnerability 1, float, innate
caster, HP casting, extra vitality 1
a: no special abilities


You were in an ossuary.
You visited 1 branch of the dungeon, and saw 4 of its levels.
You also visited: Ossuary.

You collected 118 gold pieces.


Innate Abilities, Weirdness & Mutations

You are immune to sickness and miasma.
You are immune to poison.
Your flesh is very heat resistant. (rF++)
You are vulnerable to cold. (rC-)
You float through the air rather than walking.
You learn spells naturally, not from books.
Your magical power is your life essence.
You have superior vitality. (+4 MHP)


   Skills:
 + Level 3.1 Fighting
 - Level 5.0 Ranged Weapons
 - Level 1.2 Armour
 - Level 3.5 Dodging
 - Level 0.7 Stealth


You knew the following spells:

 Your Spells              Type           Power      Damage    Failure   Level
a - Summon Small Mammal   Summ           0%         N/A       65%         1
b - Searing Ray           Conj           0%         2d4       80%         2
Your spell library was empty.

Inventory:

Hand Weapons
 a - a +0 shortbow (weapon)
Armour
 f - a +0 ring mail (worn)
 h - a +2 helmet (worn)
Jewellery
 e - a ring of see invisible (left hand)
Potions
 b - 2 potions of haste
 g - a potion of cancellation
 j - a potion of curing
 n - a potion of might

Dungeon Overview and Level Annotations

Branches:
Dungeon (4/15)            Ossuary (1/1)
 Temple: D:4-7

Altars:
Fedhas
Qazlal

Annotations:
D:3 3 runed translucent doors, qw's ghost, amateur GrHu


Message History

The adder zombie bites you but does no damage.
You shoot an arrow. The arrow hits the elf zombie.
The elf zombie is almost destroyed.
The adder zombie misses you.
The goblin zombie hits you but does no damage.
The human zombie hits you. The elf zombie closely misses you.
The jackal zombie barely misses you. The human zombie closely misses you.
The adder zombie barely misses you.
The orc zombie hits you but does no damage.
The adder zombie barely misses you.
You shoot an arrow. The arrow barely misses the elf zombie.
The jackal zombie closely misses you. The human zombie closely misses you.
The goblin zombie barely misses you. The adder zombie barely misses you.
The elf zombie hits you but does no damage.
The human zombie hits you but does no damage.
The adder zombie bites you. The orc zombie barely misses you.
The jackal zombie misses you.
You shoot an arrow. The arrow barely misses the elf zombie.
The adder zombie bites you but does no damage.
The adder zombie bites you. The goblin zombie closely misses you.
The human zombie hits you. The elf zombie barely misses you.
The jackal zombie bites you but does no damage.
The human zombie hits you but does no damage.
The orc zombie hits you but does no damage.
The adder zombie bites you but does no damage.
You shoot an arrow. The arrow hits the elf zombie.
The elf zombie is almost destroyed.
The adder zombie barely misses you.
The jackal zombie bites you but does no damage.
The human zombie hits you but does no damage.
The goblin zombie misses you. The elf zombie completely misses you.
The human zombie barely misses you.
The adder zombie bites you but does no damage.
The orc zombie misses you. The adder zombie misses you.
The jackal zombie bites you.
You shoot an arrow.
The arrow hits the elf zombie but does no damage.
The elf zombie is almost destroyed.
The human zombie hits you.
You die...

...............
...............
...............
...............
...............
...............
......ZZZ......
.....ZZ@Z......
......ZZZ......
.......Z.......
...............
...............
...............
...............
...............


You could see 2 adder zombies, a jackal zombie, a goblin zombie, a hobgoblin
zombie, a kobold zombie, an orc zombie, an elf zombie and 2 human zombies.

Vanquished Creatures
  A scorpion (D:4)
  A hound (D:4)
  Jessica (D:2)
  Robin (D:2)
  6 adders
  2 adder zombies (Ossuary)
  A ribbon worm (D:2)
  5 endoplasms
  3 giant cockroaches
  13 goblins
  5 hobgoblins (D:2)
  6 jackals (D:1)
  5 quokkas
  2 ball pythons
  4 bats
  2 frilled lizards
  6 kobolds
  4 rats
68 creatures vanquished.

Vanquished Creatures (collateral kills)
  An adder (D:3)
1 creature vanquished.

Grand Total: 69 creatures vanquished

Notes
Turn   | Place    | Note
-------+----------+-------------------------------------------
     0 | D:1      | qw the Djinni Hunter began the quest for the Orb.
     0 | D:1      | Reached XP level 1. HP: 18/18 MP: 0/0
     0 | D:1      | 0 ||| qw: Version: 0.3-a-134-g2ba4250
     0 | D:1      | 0 ||| qw: Game counter: 712
     0 | D:1      | 0 ||| qw: Melee chars always use a shield: true
     0 | D:1      | 0 ||| qw: God list: Okawaru
     0 | D:1      | 0 ||| qw: Allow faded altars: false
     0 | D:1      | 0 ||| qw: Do Orc after clearing Dungeon:15 true
     0 | D:1      | 0 ||| qw: Do second Lair branch before Depths: true
     0 | D:1      | 0 ||| qw: Lair rune preference: random
     0 | D:1      | 0 ||| qw: Goals: Normal
     0 | D:1      | 0 ||| PLANNING D:1-11
   107 | D:1      | Reached XP level 2. HP: 18/23 MP: 0/0
   273 | D:1      | Found a faded altar of an unknown god.
   279 | D:1      | 279 ||| RETREEEEATING.
   509 | D:1      | Reached XP level 3. HP: 28/28 MP: 0/0
   509 | D:1      | Learned a level 1 spell: Summon Small Mammal
   514 | D:1      | Reached skill level 4 in Ranged Weapons
   952 | D:1      | 952 ||| UPGRADING to +0 helmet.
   957 | D:1      | 957 ||| READING 4 scrolls labelled JUVVEE TORA.
   957 | D:1      | 957 ||| IDENTIFYING black potion
   958 | D:1      | 958 ||| READING 3 scrolls of identify.
   958 | D:1      | 958 ||| IDENTIFYING fuming brown potion
   959 | D:1      | 959 ||| READING 2 scrolls of identify.
   959 | D:1      | 959 ||| IDENTIFYING lumpy red potion
   960 | D:1      | 960 ||| READING scroll of identify.
   960 | D:1      | 960 ||| IDENTIFYING pink potion
   961 | D:1      | 961 ||| READING scroll labelled NASOPATRAU.
   962 | D:1      | 962 ||| READING scroll labelled HYAS KITUQ.
   963 | D:1      | 963 ||| READING scroll labelled ZILIUM JISARCHO.
   963 | D:1      | 963 ||| ENCHANTING +0 helmet.
   964 | D:1      | 964 ||| DRINKING 2 golden potions.
  1018 | D:1      | 1018 ||| DRINKING 2 sapphire potions.
  1019 | D:1      | 1019 ||| DROPPING scroll of butterflies.
  1020 | D:1      | 1020 ||| DROPPING potion of lignification.
  1021 | D:1      | 1021 ||| DROPPING potion of brilliance.
  1022 | D:1      | 1022 ||| DROPPING potion of ambrosia.
  1139 | D:2      | Reached XP level 4. HP: 32/34 MP: 0/0
  1216 | D:2      | Reached skill level 3 in Fighting
  1704 | D:2      | Noticed Jessica
  1707 | D:2      | Killed Jessica
  1708 | D:2      | Reached skill level 3 in Dodging
  1708 | D:2      | Reached XP level 5. HP: 40/40 MP: 0/0
  1708 | D:2      | Learned a level 2 spell: Searing Ray
  1880 | D:2      | 1880 ||| UPGRADING to +0 ring mail.
  1890 | D:2      | 1890 ||| DROPPING +0 leather armour.
  1891 | D:2      | 1891 ||| UPGRADING to ring of see invisible.
  1892 | D:2      | 1892 ||| READING scroll labelled GAPSUA ACZE.
  2043 | D:3      | Noticed Robin
  2044 | D:3      | 2044 ||| STAIRDANCE
  2051 | D:2      | Killed Robin
  2051 | D:2      | HP: 10/40 [goblin/+0 dagger[Robin] (2)]
  2052 | D:2      | Reached skill level 1 in Armour
  2052 | D:2      | HP: 4/40 [goblin/+0 club[Robin] (5)]
  2057 | D:2      | HP: 4/40 [goblin/+0 dagger[Robin] (1)]
  2057 | D:2      | HP: 1/40 [goblin/+0 dagger[Robin] (3)]
  2210 | D:3      | 2210 ||| STAIRDANCE
  2242 | D:3      | 2242 ||| READING scroll of enchant armour.
  2242 | D:3      | 2242 ||| ENCHANTING +1 helmet.
  2480 | D:3      | Found a runed translucent gate.
  2480 | D:3      | Found a runed translucent gate.
  2481 | D:3      | Found a runed translucent gate.
  2486 | D:3      | Noticed qw's ghost (amateur GrHu)
  2493 | D:3      | Found a blossoming altar of Fedhas.
  2504 | D:3      | 2504 ||| READING scroll of identify.
  2504 | D:3      | 2504 ||| IDENTIFYING glowing yellow potion
  2505 | D:3      | 2505 ||| READING scroll labelled EKHAJ KIELEOX.
  2506 | D:3      | 2506 ||| READING scroll labelled JOCARE IBBOUWK.
  2506 | D:3      | Found a stormy altar of Qazlal.
  2731 | D:4      | 2731 ||| PLANNING OSSUARY
  2793 | D:4      | Reached XP level 6. HP: 44/46 MP: 0/0
  2840 | D:4      | Reached skill level 5 in Ranged Weapons
  2953 | D:4      | Found a sand-covered staircase.
  2954 | D:4      | 2954 ||| READING scroll of identify.
  2954 | D:4      | 2954 ||| IDENTIFYING scroll labelled ZOSIAM YXUOK
  2955 | D:4      | 2955 ||| DROPPING scroll of blinking.
  2967 | Ossuary  | Entered an ossuary
  2994 | Ossuary  | HP: 10/46 [human zombie (3)]
  2998 | Ossuary  | Slain by a human zombie

Levels and vault maps discovered:
D:1:      zelgadis_glass_arrival_small, layout_loops_corners,
          dreamdust_ecumenical_altar_grove, serial_bayou_pond_c, st_stairs_1,
          chequers_serial_rivers_marsh
D:2:      layout_basic, serial_co_window_serial, co_window_corner_a,
          co_window_paths_a, co_window_cross_1, co_window_paths_a,
          co_window_corner_a, co_window_paths_b, co_window_2corner,
          co_window_corner_ca, co_window_cross_3, co_window_corner_b,
          co_window_cross_4, co_window_paths_d, co_window_4corner_a,
          glass_columns_b, glass_columns_c, glass_columns_a, glass_columns_a,
          uniq_jessica
D:3:      layout_rooms, grunt_temple_overflow_forces_of_nature,
          gammafunk_ghost_necromancy, uniq_robin
D:4:      layout_loops_ring, nicolae_ossuary_entry_monument
Ossuary:  ossuary_minmay_tomb_2a

Skill      XL: |  1  2  3  4  5  6 |
---------------+-------------------+-----
Ranged Weapons | 4 5 |  5.0
Fighting       | 3 |  3.1
Dodging        | 3 |  3.5
Armour         | 1 |  1.2
Stealth        | |  0.7

Action                     |  1- 3 |  4- 6 || total
---------------------------+-------+-------++-------
   Fire: Shortbow          |    92 |   166 ||   258
    Use: Scroll            |     7 |     6 ||    13
         Potion            |     2 |       ||     2
 Armour: Leather armour    |    32 |     7 ||    39
         Ring mail         |       |   177 ||   177
  Dodge: Dodged            |    40 |   190 ||   230

Table legend:
 A = Non-vault XP
 B = Vault XP
 C = Vault XP percentage of total XP
 D = Non-vault monster count
 E = Vault monster count
 F = Vault count percentage of total count
                 A         B        C        D         E       F
            +---------+---------+-------+---------+---------+-------
      Total |     298 |      82 |  21.6 |      55 |      14 |  20.3
            +---------+---------+-------+---------+---------+-------
        D:1 |      32 |       6 |  15.8 |      18 |       3 |  14.3
        D:2 |      86 |      63 |  42.3 |      21 |       8 |  27.6
        D:3 |      56 |       2 |   3.4 |      13 |       1 |   7.1
        D:4 |     124 |       0 |   0.0 |       3 |       0 |   0.0
    Ossuary |       0 |      11 | 100.0 |       0 |       2 | 100.0
            +---------+---------+-------+---------+---------+-------
